 Dungeon Crawl Stone Soup version 0.26.1-11-gd32895ea62 (webtiles) character file.

Game seed: 4539308436418308827

151 buriedalive the Chiller (level 5, -4/28 HPs)
             Began as a Deep Elf Ice Elementalist on June 14, 2021.
             Blown up by a hobgoblin (32 damage)
             ... with a disintegration bolt
             ... on level 3 of the Dungeon.
             The game lasted 00:04:51 (3458 turns).

buriedalive the Chiller (Deep Elf Ice Elementalist) Turns: 3458, Time: 00:04:51

Health: -4/28      AC:  4    Str:  5    XL:     5   Next: 10%
Magic:  11/11      EV: 15    Int: 21    God:
Gold:   77         SH:  0    Dex: 15    Spells: 3/10 levels left

rFire    . . .     SeeInvis .   g - +0 dagger
rCold    . . .     Faith    .   (no shield)
rNeg     . . .     Spirit   .   a - +1 robe
rPois    .         Reflect  .   (no helmet)
rElec    .         Harm     .   (no cloak)
rCorr    .         Rampage  .   (no gloves)
Will     .....                  p - +0 pair of boots
Stlth    ++........             (no amulet)
HPRegen  0.09/turn              (no ring)
MPRegen  0.12/turn              (no ring)

@: no status effects
A: no striking features
a: no special abilities


You were on level 3 of the Dungeon.
You visited 1 branch of the dungeon, and saw 4 of its levels.

You collected 77 gold pieces.

Inventory:

Hand Weapons
 g - a +0 dagger (weapon)
Missiles
 h - 2 atropa-tipped darts
 i - 97 stones
 n - 14 poisoned darts (quivered)
Armour
 a - a +1 robe (worn)
 d - a cursed +0 leather armour
 p - a +0 pair of boots (worn)
 t - a +2 pair of boots
Jewellery
 l - an uncursed ring of stealth {unknown}
Scrolls
 b - a scroll of amnesia {unknown}
 c - 2 scrolls of remove curse
 e - a scroll of enchant armour
 o - a scroll of noise {unknown}
 r - a scroll of fear {unknown}
 s - a scroll of enchant weapon {unknown}
Potions
 f - a potion of brilliance
 j - a potion of degeneration {unknown}
 k - a potion of haste {unknown}
 m - a potion of cancellation {unknown}
 q - a potion of might {unknown}
 u - a potion of mutation {unknown}


   Skills:
 + Level 4.8 Dodging
 - Level 2.4 Stealth
 - Level 3.0 Spellcasting
 + Level 5.9 Ice Magic


You had 3 spell levels left.
You knew the following spells:

 Your Spells              Type           Power        Failure   Level
a - Freeze                Ice            100%         1%          1
b - Frozen Ramparts       Ice            56%          3%          3
c - Ozocubu's Armour      Ice            28%          3%          3

Your spell library contained the following spells:

 Spells                   Type           Power        Failure   Level
 Hailstorm                Conj/Ice       15%          36%         4
 Summon Ice Beast         Ice/Summ       15%          36%         4


Dungeon Overview and Level Annotations

Branches:
Dungeon (4/15)
 Temple: D:4-7

Altars:
Fedhas
Xom


Message History

Casting: Freeze (safe; 1% risk of failure)
Confirm with . or Enter, or press ? or * to list all spells.
You can't see any susceptible monsters within range! (Use Z to cast anyway.) Unknown command.
You start resting.
Magic restored.
A bat comes into view.
The bat moves out of view.
u - a glowing red potion
Casting: Freeze (safe; 1% risk of failure)
Confirm with . or Enter, or press ? or * to list all spells.
Okay, then.
A bat is nearby!
A hobgoblin comes into view.
It is wielding a +0 spear and carrying a wand of disintegration (9).
Found a dagger.
The hobgoblin drinks a potion.
The hobgoblin suddenly seems more resistant.
The bat barely misses you.
The hobgoblin zaps a wand.
You are blasted!
Ouch! That really hurt!
You die...

.# #)# # .# #.# #.#.#.#
.# #.# #.....# .# #.#
#.## #..)..# .#
#.##....###.....## .#
#<....#....g.....# .#
####..#.........#####
†####....#....#..b.!...#
......#######...@# #
#####....#....##.#.#
#........#....##.#.###
#.#####..#....†......#.#
#.# #..............(.#
..# #...#.######$#.###
#.#####...#.# .# ..
##........#.# .# ##
#.#####...... #


You could see a hobgoblin (resistant) and a bat.

Vanquished Creatures
  An orc priest (D:3)
  3 adders
  A gnoll (D:1)
  An ooze (D:2)
  A worm (D:2)
  2 dart slugs
  3 leopard geckos
  4 orcs (D:3)
  3 giant cockroaches
  5 hobgoblins
  4 jackals (D:1)
  A quokka (D:2)
  6 bats
  2 frilled lizards (D:1)
  9 goblins
  11 kobolds
  12 rats
69 creatures vanquished.

Vanquished Creatures (others)
  A bat (D:3)
  A hobgoblin (D:3)
2 creatures vanquished.

Grand Total: 71 creatures vanquished

Notes
Turn   | Place    | Note
-------+----------+-------------------------------------------
     0 | D:1      | buriedalive the Deep Elf Ice Elementalist began the quest
                  | for the Orb.
     0 | D:1      | Reached XP level 1. HP: 10/10 MP: 6/6
   361 | D:1      | Reached XP level 2. HP: 13/15 MP: 5/8
   832 | D:1      | Reached skill level 5 in Ice Magic
   854 | D:1      | Reached XP level 3. HP: 17/19 MP: 7/9
  1540 | D:2      | Found a shimmering altar of Xom.
  2097 | D:2      | Found a blossoming altar of Fedhas.
  2105 | D:2      | Reached XP level 4. HP: 18/24 MP: 7/10
  3328 | D:4      | Learned a level 3 spell: Frozen Ramparts
  3332 | D:4      | Learned a level 3 spell: Ozocubu's Armour
  3340 | D:3      | Reached XP level 5. HP: 26/28 MP: 3/11
  3458 | D:3      | Blown up by a hobgoblin

Illustrated notes

Levels and vault maps discovered:
D:1:      lemuel_arrival_broad_hall, layout_basic, minmay_vboxes
D:2:      minmay_spotlight, layout_loops_ring, nicolae_overflow_crystal_walls,
          old_standard_altar
D:3:      layout_loops_ring, fiery_altar_vehumet
D:4:      layout_basic, uniq_duvessa

Skill      XL: |  1  2  3 |
---------------+----------+-----
Dodging        | 3 4 |  4.8
Ice Magic      | 5 |  5.9
Stealth        | |  2.4
Spellcasting   | |  3.0

Action                   |  1- 3 |  4- 6 || total
-------------------------+-------+-------++-------
Melee: Short sword       |    19 |       ||    19
       Dagger            |    41 |    15 ||    56
Throw: Dart              |       |     1 ||     1
 Cast: Freeze            |    53 |    26 ||    79
       Frozen Ramparts   |       |     1 ||     1
  Use: Scroll            |     4 |       ||     4
 Stab: Sleeping          |     3 |       ||     3
Armor: Robe              |    17 |     7 ||    24
Dodge: Dodged            |    64 |    26 ||    90
